 Dungeon Crawl Stone Soup version 0.31.0-12-g77e489cdc1 (webtiles) character file.

Game seed: 18151672865223036004

29 Janerl the Cudgeller (level 3, -4/46 (49) HPs)
             Began as a Minotaur Berserker on Feb 9, 2024.
             Was a Follower of Trog.
             Slain by Crazy Yiuf
             ... wielding a +2 quarterstaff of chaos
              (19 damage)
             ... on level 2 of the Dungeon on Feb 16, 2024.
             The game lasted 00:03:41 (758 turns).

Janerl the Cudgeller (Minotaur Berserker)            Turns: 758, Time: 00:03:42

HP:   -4/46 (49)    AC:  6    Str: 21    XL:     3   Next: 1%
MP:   2/2           EV: 10    Int:  6    God:    Trog [*.....]
Gold: 78            SH:  0    Dex:  9    Spells: 2/2 levels left

rFire   . . .        a - +0 mace
rCold   . . .        (no shield)
rNeg    . . .        d - +0 scale mail
rPois   .            (helmet restricted)
rElec   .            (no cloak)
rCorr   .            (no gloves)
SInv    .            (no boots)
Will    .....        (no amulet) Stlth
                     (no ring)
HPRegen 0.27/turn    (no ring)
MPRegen 0.08/turn

%: no passive effects
@: berserking, drained, very quick
A: horns 2, retaliatory headbutt
a: Renounce Religion, Berserk


You were on level 2 of the Dungeon.
You worshipped Trog.
Trog was aware of your devotion.
You visited 1 branch of the dungeon, and saw 2 of its levels.

You collected 78 gold pieces.

Inventory:

Hand Weapons
 a - a +0 mace (weapon)
Armour
 b - a +0 animal skin
 d - a +0 scale mail (worn)
Scrolls
 f - a scroll of identify {unknown}
 g - a scroll of immolation {unknown}
Potions
 c - a potion of enlightenment {unknown}
 e - a potion of curing {unknown}


   Skills:
 + Level 4.2 Fighting
 + Level 4.2 Maces & Flails
 + Level 2.8 Armour
 + Level 2.4 Dodging


You had 2 spell levels left.
You didn't know any spells.
Your spell library was empty.

Dungeon Overview and Level Annotations

Branches:
Dungeon (2/15)

Altars:

Annotations:
D:2 Crazy Yiuf


Innate Abilities, Weirdness & Mutations

You have a pair of horns on your head.
You reflexively headbutt those who attack you in melee.


Message History

Found a club.
An endoplasm comes into view.
The endoplasm freezes you.
You are frozen.
You hit the endoplasm. You headbutt the endoplasm.
You kill the endoplasm!
Trog accepts your kill.
You have reached level 3!
Your experience leads to an increase in your attributes!
Increase (S)trength, (I)ntelligence, or (D)exterity?
You feel clever. x2
Okay, then.
HP restored.
Found a hammer.
Found a hammer.
Found a runed translucent door.
You see here a +0 hammer.
Hit: a) +0 mace
Press: ? - help, Dir - move target, f - you
Okay, then.
Unknown command.
Hit: a) +0 mace
Press: ? - help, Dir - move target, f - you
Okay, then.
Crazy Yiuf shouts!
Found a hammer.
As you open the door, it creaks loudly!
A red film seems to cover your vision as you go berserk!
You feel yourself moving faster!
You feel mighty!
Crazy Yiuf hits you with a +2 quarterstaff of chaos!
You feel drained.
You barely miss Crazy Yiuf.
Crazy Yiuf grits, "Ghoul bush Orb Guardian!"
Crazy Yiuf hits you with a +2 quarterstaff of chaos!
You sock Crazy Yiuf!
Crazy Yiuf is heavily wounded.
Crazy Yiuf hits you with a +2 quarterstaff of chaos!
You sock Crazy Yiuf! Your headbutt misses Crazy Yiuf.
Crazy Yiuf is almost dead.
Crazy Yiuf hits you but does no damage.
You are electrocuted!!
You die...

# .## .. # ##.##.#
#...#.#
#######.....# ###
###)#...#.....#
#)..##..#..........#
#..)g@####.......#.#
#)..### ##..#...#.#
### ####.....###
#.......+ ##.).####
##...## # #<###.##.#
#........##
#####.###.....


You could see Crazy Yiuf.

Vanquished Creatures
  2 endoplasms
  3 giant cockroaches (D:1)
  5 goblins (D:1)
  2 hobgoblins (D:1)
  A quokka (D:1)
  2 ball pythons (D:1)
  3 bats (D:1)
  4 frilled lizards (D:1)
  A kobold (D:1)
  4 rats
27 creatures vanquished.

Notes
Turn   | Place    | Note
-------+----------+-------------------------------------------
     0 | D:1      | Janerl the Minotaur Berserker began the quest for the Orb.
     0 | D:1      | Reached XP level 1. HP: 19/19 MP: 0/0
    20 | D:1      | Upgraded the game from 0.31.0-11-ge490571c62 to
                  | 0.31.0-12-g77e489cdc1
   299 | D:1      | Reached XP level 2. HP: 22/27 MP: 1/1
   683 | D:2      | Found a faded altar of an unknown god.
   724 | D:2      | Reached XP level 3. HP: 28/33 MP: 2/2
   750 | D:2      | Found a runed translucent door.
   751 | D:2      | Noticed Crazy Yiuf
   758 | D:2      | Slain by Crazy Yiuf

Illustrated notes

Levels and vault maps discovered:
D:1:      minmay_arrival_glassed_features, layout_basic, st_stairs_1
D:2:      layout_loops_corners, ebering_ecumenical_altar_hall,
          ebering_dispersal_statue_hall, st_stairs_1, uniq_robin,
          uniq_crazy_yiuf_cottage

Skill      XL: |  1  2 |
---------------+-------+-----
Maces & Flails | 4 |  4.2
Fighting       | 4 |  4.2
Armour         | |  2.8
Dodging        | |  2.4

Action                     || total
---------------------------++-------
  Melee: Mace              ||    58
         Headbutt          ||     8
 Invoke: Berserk           ||     1
 Armour: Scale mail        ||    56
         Animal skin       ||     4
  Dodge: Dodged            ||    39
